 Dungeon Crawl Stone Soup version 0.21.1-1-g345015f (webtiles) character file.

858 aMcNicky the Covert (level 7, -7/32 HPs)
             Began as a Spriggan Enchanter on Mar 12, 2018.
             Mangled by aMcNicky's ghost (20 damage)
             ... on level 5 of the Dungeon.
             The game lasted 00:29:08 (7867 turns).

aMcNicky the Covert (Spriggan Enchanter)            Turns: 7867, Time: 00:29:09

Health: -7/32      AC:  2    Str:  4    XL:     7   Next: 71%
Magic:  15/15      EV: 20    Int: 17    God:
Gold:   179        SH:  9    Dex: 21    Spells: 13/16 levels left

rFire    . . .     SeeInvis +   a - +2 dagger (venom)
rCold    . . .     Gourm    .   f - +2 buckler
rNeg     . . .     Faith    .   w - +0 robe
rPois    .         Spirit   .   (helmet restricted)
rElec    .         Reflect  .   (no cloak)
rCorr    .         Harm     .   (gloves unavailable)
MR       +....                  (boots unavailable)
Stlth    ++++......             (no amulet)
HPRegen  0.10/turn              l - +3 ring of dexterity
MPRegen  0.14/turn              (no ring)

@: very quick
A: very small, unfitting armour, see invisible, herbivore, speed 3, slow
metabolism 2
a: no special abilities


You were on level 5 of the Dungeon.
You were not hungry.

You visited 1 branch of the dungeon, and saw 5 of its levels.

You collected 179 gold pieces.

Inventory:

Hand Weapons
 a - a +2 dagger of venom (weapon)
 b - a +0 hand crossbow of freezing
 y - a +1 dagger
Missiles
 A - 39 arrows (quivered)
Armour
 f - a +2 buckler (worn)
 w - a +0 robe (worn)
Jewellery
 l - a +3 ring of dexterity (left hand)
Wands
 s - a wand of polymorph (8)
 u - a wand of iceblast (12)
Scrolls
 e - 2 scrolls of amnesia {unknown}
 g - a scroll of identify {@r1}
 i - 5 scrolls of remove curse {unknown}
 k - 2 scrolls of noise {unknown}
 n - a scroll of random uselessness {unknown}
 o - 3 scrolls of enchant armour {unknown}
 p - 3 scrolls of teleportation {unknown}
 q - a scroll of fear {unknown}
 t - 2 scrolls of fog {unknown}
Potions
 h - 3 potions of magic
 j - a potion of invisibility {unknown}
 m - 2 potions of brilliance {unknown}
 r - a potion of curing {unknown}
 v - a potion of flight {unknown}
 z - a potion of lignification {unknown}
 B - a potion of cancellation {unknown}
Books
 c - a book of Maledictions

   Spells                             Type                      Level
   a - Corona                         Hexes                        1
   b - Ensorcelled Hibernation        Hexes/Ice                    2
   c - Confuse                        Hexes                        3
   d - Tukima's Dance                 Hexes                        3
   e - Dazzling Spray                 Conjuration/Hexes            3
Comestibles
 d - 4 rations


   Skills:
 + Level 3.7 Short Blades
 + Level 4.7 Dodging
 + Level 8.3 Stealth
 * Level 2.2 Shields
 + Level 5.0 Spellcasting
 + Level 5.6 Hexes


You had 13 spell levels left.
You knew the following spells:

 Your Spells              Type           Power        Failure   Level  Hunger
a - Corona                Hex            ###....      1%          1    None
b - Ensorcelled Hibernat  Hex/Ice        ##....       10%         2    #......


Dungeon Overview and Level Annotations

Branches:
Dungeon (5/15)
 Temple: D:4-7

Altars:

Annotations:
D:3 Sigmund; letownia2's ghost, amateur MfSk
D:5 aMcNicky's ghost, novice OgBe


Innate Abilities, Weirdness & Mutations

You are very small and have problems with some larger weapons.
You are too small for most types of armour.
You have supernaturally acute eyesight. (SInv)
You are a herbivore.
You cover ground extremely quickly.
You need consume almost no food.


Message History

Your +0 hand crossbow of freezing stops glowing.
Your +2 dagger of venom begins to drip with poison!
a - a +2 dagger of venom (weapon)
AMcNicky's ghost hits you!
You closely miss aMcNicky's ghost. AMcNicky's ghost hits you!
* * * LOW HITPOINT WARNING * * *
There is a stone staircase leading up here.
You climb upwards.
There is a stone staircase leading down here.
You start resting.
HP restored.
You climb downwards.
Level annotation: aMcNicky's ghost, novice OgBe You block aMcNicky's ghost's attack.
AMcNicky's ghost hits you!!
Ouch! That really hurt!
There is a stone staircase leading up, spattered with blood here.
AMcNicky's ghost says, "I have seen your future, and it is all used up."
AMcNicky's ghost hits you!!
Ouch! That really hurt!
You die...

##.#.#...##...#...
#.#.#........#)..
#...##...........
###).##..##..##...
#..>.....##..##(..
#.#..###.##...(...
#.##>###.######...
#.W......# #...
#@.......# #..#
##.......# ###..#
#.......###......
#.......#.####.##
#.......#.(......
#.......((#####..
#.......#.# ###
#.......#.# #
#.......#.# #


You could see aMcNicky's ghost.

Vanquished Creatures
  2 centaurs (D:4)
  2 scorpions (D:5)
  A howler monkey (D:5)
  A crimson imp (D:5)
  2 gnoll shamans (D:5)
  2 orc priests
  2 iguanas (D:4)
  Jessica (D:3)
  3 worker ants (D:4)
  An orc wizard (D:4)
  7 gnolls (D:5)
  5 adders
  An adder skeleton (D:4)
  2 worms
  2 dart slugs
  2 leopard geckos
  15 orcs
  A ball python (D:5)
  5 giant cockroaches
  4 goblins
  6 hobgoblins
  10 jackals
  7 kobolds
  2 quokkas
  10 bats
  4 frilled lizards
  A quokka zombie (D:5)
  10 rats
111 creatures vanquished.

Notes
Turn   | Place    | Note
-------+----------+-------------------------------------------
     0 | D:1      | aMcNicky the Spriggan Enchanter began the quest for the Orb.
     0 | D:1      | Reached XP level 1. HP: 9/9 MP: 5/5
   309 | D:1      | Reached XP level 2. HP: 12/13 MP: 6/6
   347 | D:1      | Learned a level 2 spell: Ensorcelled Hibernation
   833 | D:1      | Reached skill level 5 in Stealth
  1115 | D:2      | Reached XP level 3. HP: 16/16 MP: 8/8
  1853 | D:3      | Noticed Sigmund
  2253 | D:3      | Noticed letownia2's ghost (amateur MfSk)
  2666 | D:3      | Reached XP level 4. HP: 18/21 MP: 5/10
  3046 | D:3      | Noticed Jessica
  3055 | D:3      | Killed Jessica
  3055 | D:3      | Reached skill level 6 in Stealth
  3726 | D:4      | Reached XP level 5. HP: 24/24 MP: 8/11
  3865 | D:4      | Reached skill level 7 in Stealth
  4526 | D:4      | Reached XP level 6. HP: 28/28 MP: 3/13
  5540 | D:5      | Entered Level 5 of the Dungeon
  5566 | D:5      | Reached skill level 5 in Hexes
  5570 | D:5      | Reached skill level 1 in Shields
  5747 | D:5      | Noticed aMcNicky's ghost (novice OgBe)
  5981 | D:4      | Reached skill level 8 in Stealth
  5981 | D:4      | Reached XP level 7. HP: 4/32 MP: 9/14
  7474 | D:5      | Reached skill level 5 in Spellcasting
  7867 | D:5      | Mangled by aMcNicky's ghost

Skill      XL: |  1  2  3  4  5  6  7 |
---------------+----------------------+-----
Spellcasting   | 3 4 5 |  5.0
Stealth        | 5 6 7 8 |  8.3
Hexes          | 4 5 |  5.6
Short Blades   | 2 3 |  3.7
Shields        | 1 2 |  2.2
Dodging        | 4 |  4.7

Action                   |  1- 3 |  4- 6 |  7- 9 || total
-------------------------+-------+-------+-------++-------
Melee: Dagger            |   158 |   130 |    35 ||   323
Throw: Tomahawk          |       |       |     2 ||     2
 Cast: Ensorcelled Hiber |    36 |    75 |    36 ||   147
       Corona            |     3 |     2 |       ||     5
  Use: Scroll            |       |     3 |     2 ||     5
 Stab: Sleeping          |    32 |    36 |    15 ||    83
       Distracted        |       |       |     1 ||     1
  Eat: Ration            |     1 |     3 |     1 ||     5
Armor: Robe              |    19 |    14 |       ||    33
Dodge: Dodged            |   122 |   127 |    29 ||   278
Block: Buckler           |       |    32 |    28 ||    60
